 Dungeon Crawl Stone Soup version 0.29.0-4-gdea44cf6ec (webtiles) character file.

Game seed: 1614350707760337948

57 qw the Chopper (level 4, 0/26 HPs)
             Began as a Tengu Warper on Aug 28, 2022.
             Slain by Terence
             ... wielding a +2 flail of holy wrath
              (9 damage)
             ... on level 2 of the Dungeon.
             The game lasted 00:00:11 (2424 turns).

qw the Chopper (Tengu Warper)                       Turns: 2424, Time: 00:00:12

Health: 0/26       AC:  6    Str: 14    XL:     4   Next: 0%
Magic:  8/8        EV: 10    Int: 13    God:
Gold:   94         SH:  0    Dex: 19    Spells: 7/7 levels left

rFire   . . .      SeeInvis .   Y - +0 hand axe
rCold   . . .      Faith    .   (no shield)
rNeg    . . .      Spirit   .   k - +0 scale mail
rPois   .          Reflect  .   (helmet restricted)
rElec   .          Harm     .   (no cloak)
rCorr   .          Rampage  .   (no gloves)
Will    .....                   (boots unavailable)
Stlth   ..........              (no amulet)
HPRegen 0.08/turn               i - +6 ring of dexterity
MPRegen 0.11/turn               (no ring)

@: no status effects
A: beak, talons 3
a: no special abilities


You were on level 2 of the Dungeon.
You visited 1 branch of the dungeon, and saw 2 of its levels.

You collected 94 gold pieces.


Innate Abilities, Weirdness & Mutations

You have a beak for a mouth.
You have claws for feet.


   Skills:
 - Level 2.0 Fighting
 + Level 4.5 Axes
 - Level 1.0 Throwing
 - Level 1.1 Armour
 - Level 2.1 Dodging
 - Level 2.0 Spellcasting
 - Level 2.4 Translocations


You had 7 spell levels left.
You didn't know any spells.
Your spell library contained the following spells:

 Spells                   Type           Power      Damage    Failure   Level
 Blink                    Tloc           14%        N/A       54%         2
 Gell's Gravitas          Tloc           7%         N/A       77%         3
 Lesser Beckoning         Tloc           7%         N/A       77%         3
 Teleport Other           Tloc           7%         N/A       77%         3
 Manifold Assault         Tloc           7%         N/A       100%        5

Inventory:

Hand Weapons
 d - a +0 whip
 Y - a +0 hand axe (weapon)
Armour
 k - a +0 scale mail (worn)
Jewellery
 i - a +6 ring of dexterity (left hand)
Scrolls
 a - a scroll of identify
 b - a scroll of teleportation {unknown}
 c - a scroll of vulnerability {unknown}
 g - a scroll of enchant armour
 j - a scroll of poison {unknown}
 l - a scroll of magic mapping {unknown}
Potions
 e - a potion of berserk rage {unknown}
 f - a potion of mutation {unknown}
 h - a potion of curing {unknown}
 m - a potion of lignification {unknown}

Dungeon Overview and Level Annotations

Branches:
Dungeon (2/15)

Altars:
Gozag

Shops:
D:1 *

Annotations:
D:2 Terence


Message History

There is an open door here.
You open the door.
There is an open door here.
You now have 94 gold pieces (gained 9).
You open the door.
There is an open door here.
There is an open door here.
Terence the Incautious comes into view.
He is wielding a +2 flail of holy wrath.
Terence shouts!
Enter note:
Enter note:
Enter note: You hit Terence.
Terence is lightly wounded.
Terence hits you but does no damage.
You hit Terence.
Terence is moderately wounded.
Terence hits you with a +2 flail of holy wrath!
You hit Terence but do no damage. You claw Terence.
You peck Terence, but do no damage.
Terence is heavily wounded.
Terence hits you but does no damage.
You hit Terence but do no damage. You claw Terence, but do no damage.
Terence is heavily wounded.
Terence barely misses you.
You hit Terence but do no damage.
Terence is heavily wounded.
Terence screams, "I'm going to kill you!"
Terence completely misses you.
You hit Terence. Your punch misses Terence.
Terence is heavily wounded.
Terence hits you with a +2 flail of holy wrath.
You hit Terence but do no damage. You claw Terence, but do no damage.
Terence is heavily wounded.
Terence hits you with a +2 flail of holy wrath.
You hit Terence. You claw Terence, but do no damage.
Terence is almost dead.
Terence barely misses you.
Terence hits you with a +2 flail of holy wrath!
You die...

##.....## #.# #.#
##...## #.###.#
##'## #.....# #.#
#####.# #.# #.#
##.## #.# ##...##
#.# #.....# #.#
###...## #@#
.....#####.....@.#
####.....(.#######
#########


You could see Terence.

Vanquished Creatures
  An adder (D:2)
  2 dart slugs (D:2)
  5 endoplasms
  2 giant cockroaches (D:1)
  3 goblins (D:1)
  3 hobgoblins
  A quokka (D:2)
  7 ball pythons
  2 bats (D:1)
  3 frilled lizards
  11 kobolds
  5 rats
45 creatures vanquished.

Notes
Turn   | Place    | Note
-------+----------+-------------------------------------------
     0 | D:1      | qw the Tengu Warper began the quest for the Orb.
     0 | D:1      | Reached XP level 1. HP: 12/12 MP: 4/4
     0 | D:1      | 0 ||| qw: Version: 0.1-a-89-g26bdef1
     0 | D:1      | 0 ||| qw: Game counter: 608
     0 | D:1      | 0 ||| qw: Always use a shield: true
     0 | D:1      | 0 ||| qw: God list: Okawaru
     0 | D:1      | 0 ||| qw: Allow faded altars: false
     0 | D:1      | 0 ||| qw: Do Orc after D:15 true
     0 | D:1      | 0 ||| qw: Do second Lair branch before Depths: true
     0 | D:1      | 0 ||| qw: Lair rune preference: random
     0 | D:1      | 0 ||| qw: Plans: Normal
     0 | D:1      | 0 ||| PLANNING D:1-11
   172 | D:1      | 172 ||| Stepping ~*~*~tactically~*~*~ (stealth).
   196 | D:1      | 196 ||| Stepping ~*~*~tactically~*~*~ (stealth).
   199 | D:1      | Reached skill level 3 in Axes
   199 | D:1      | Reached XP level 2. HP: 17/17 MP: 6/6
   235 | D:1      | Found a faded altar of an unknown god.
   242 | D:1      | 242 ||| Stepping ~*~*~tactically~*~*~ (stealth).
   243 | D:1      | 243 ||| Stepping ~*~*~tactically~*~*~ (stealth).
   244 | D:1      | 244 ||| Stepping ~*~*~tactically~*~*~ (stealth).
   373 | D:1      | Found Taemi's General Store.
   382 | D:1      | 382 ||| SHOPLISTING +0 cloak (49 gold, have 8).
   792 | D:1      | Reached XP level 3. HP: 18/21 MP: 7/7
  1368 | D:1      | 1368 ||| UPGRADING to +0 scale mail.
  1378 | D:1      | 1378 ||| DROPPING +0 leather armour.
  1379 | D:1      | 1379 ||| UPGRADING to +6 ring of dexterity.
  1380 | D:1      | 1380 ||| READING 2 scrolls labelled GEFY TAIRAIT.
  1381 | D:1      | 1381 ||| READING scroll labelled EHERPHI DITUPU.
  1382 | D:1      | 1382 ||| READING scroll labelled PEFRAU PYOPOT.
  1383 | D:1      | 1383 ||| READING scroll labelled NIPUGI TEDYE.
  1508 | D:1      | 1508 ||| DROPPING scroll of blinking.
  1543 | D:2      | Reached skill level 4 in Axes
  1543 | D:2      | Found an opulent altar of Gozag.
  2175 | D:2      | 2175 ||| FLEEEEING.
  2176 | D:2      | 2176 ||| FLEEEEING.
  2320 | D:2      | Reached XP level 4. HP: 26/26 MP: 8/8
  2414 | D:2      | Noticed Terence
  2424 | D:2      | Slain by Terence

Levels and vault maps discovered:
D:1:      pf_arrival_petrified_forest, layout_loops_corners,
          ebering_ecumenical_altar_mist, serial_shops, shop,
          minmay_misc_feat_cross, wad_woods_river_04, hangedman_decor_growths
D:2:      minmay_wonky_spiral, layout_loops_corners, basic_altar, uniq_terence

Skill      XL: |  1  2  3 |
---------------+----------+-----
Axes           | 3 4 |  4.5
Fighting       | |  2.0
Throwing       | |  1.0
Armour         | |  1.1
Dodging        | |  2.1
Spellcasting   | |  2.0
Translocations | |  2.4

Action                   |  1- 3 |  4- 6 || total
-------------------------+-------+-------++-------
Melee: Hand axe          |    87 |     8 ||    95
       Peck              |    12 |     1 ||    13
       Kick              |    27 |     4 ||    31
       Punch             |     1 |       ||     1
Throw: Boomerang         |     7 |       ||     7
  Use: Scroll            |     4 |       ||     4
Armor: Leather armour    |    12 |       ||    12
       Scale mail        |    10 |     2 ||    12
Dodge: Dodged            |    33 |     3 ||    36

Table legend:
 A = Non-vault XP
 B = Vault XP
 C = Vault XP percentage of total XP
 D = Non-vault monster count
 E = Vault monster count
 F = Vault count percentage of total count
                 A         B        C        D         E       F
            +---------+---------+-------+---------+---------+-------
      Total |      81 |       1 |   1.2 |      44 |       1 |   2.2
            +---------+---------+-------+---------+---------+-------
        D:1 |      43 |       0 |   0.0 |      30 |       0 |   0.0
        D:2 |      38 |       1 |   2.6 |      14 |       1 |   6.7
            +---------+---------+-------+---------+---------+-------
